 Dungeon Crawl Stone Soup version 0.30-a0-860-g512cf1e979 (webtiles) character file.

Game seed: 13018357643130359146

166 retardedninja the Shield-Bearer (level 5, -3/47 HPs)
             Began as a Gnoll Fighter on Mar 6, 2023.
             Slain by an ogre
             ... wielding a +0 giant club
              (27 damage)
             ... on level 3 of the Dungeon on Mar 7, 2023.
             The game lasted 00:03:38 (2663 turns).

retardedninja the Shield-Bearer (Gnoll Fighter)     Turns: 2663, Time: 00:03:38

Health: -3/47      AC:  7    Str: 18    XL:     5   Next: 47%
Magic:  7/7        EV:  9    Int:  7    God:
Gold:   61         SH:  5    Dex: 11    Spells: 7/7 levels left

rFire   . . .      SeeInvis .    a - +0 flail
rCold   . . .      Faith    .    c - +0 buckler
rNeg    . . .      Spirit   .    b - +0 scale mail
rPois   .          Reflect  .    (no helmet)
rElec   .          Rampage  .    (no cloak)
rCorr   .                        (no gloves)
Will    .....                    (no boots) Stlth
                                 (no amulet)
HPRegen 0.27/turn                (no ring)
MPRegen 0.10/turn                (no ring)

@: hasted, very quick
A: fangs 1, strong nose, distributed training, MP-powered wands, noise
suppression
a: no special abilities


You were on level 3 of the Dungeon.
You visited 1 branch of the dungeon, and saw 3 of its levels.

You collected 61 gold pieces.

Inventory:

Hand Weapons
 a - a +0 flail (weapon)
Missiles
 v - a throwing net (quivered)
Armour
 b - a +0 scale mail (worn)
 c - a +0 buckler (worn)
 g - a +0 hat
 i - a scarf of shadows
 j - a +0 pair of boots
Jewellery
 d - an amulet of reflection
 f - a ring of willpower
Wands
 s - a wand of roots (6)
Scrolls
 k - a scroll of magic mapping {unknown}
 l - a scroll of poison
 n - 3 scrolls of fog
 o - a scroll of vulnerability {unknown}
 p - 2 scrolls of torment {unknown}
 q - a scroll of teleportation
 u - a scroll of blinking {unknown}
 x - a scroll of enchant armour {unknown}
 y - a scroll of amnesia {unknown}
Potions
 e - a potion of haste
 h - a potion of degeneration {unknown}
 m - a potion of brilliance {unknown}
 r - a potion of lignification {unknown}
 t - a potion of heal wounds {unknown}
 w - 2 potions of mutation
 z - a potion of attraction {unknown}


   Skills:
 + Level 6.7 Fighting
 + Level 1.6 Short Blades
 + Level 1.6 Long Blades
 + Level 1.6 Axes
 + Level 4.8 Maces & Flails
 + Level 1.6 Polearms
 + Level 1.6 Staves
 + Level 1.6 Ranged Weapons
 + Level 1.6 Throwing
 + Level 6.7 Armour
 + Level 1.6 Dodging
 + Level 1.6 Stealth
 + Level 6.7 Shields
 + Level 1.6 Unarmed Combat
 + Level 1.6 Spellcasting
 + Level 1.2 Conjurations
 + Level 1.2 Hexes
 + Level 1.2 Summonings
 + Level 1.2 Necromancy
 + Level 1.2 Translocations
 + Level 1.2 Transmutations
 + Level 1.2 Fire Magic
 + Level 1.2 Ice Magic
 + Level 1.2 Air Magic
 + Level 1.2 Earth Magic
 + Level 1.2 Poison Magic
 + Level 1.8 Invocations
 + Level 1.6 Evocations


You had 7 spell levels left.
You didn't know any spells.
Your spell library contained the following spells:

 Spells                   Type           Power      Damage    Failure   Level
 Ensorcelled Hibernation  Hex/Ice        4%         N/A       77%         2
 Spider Form              Tmut/Pois      2%         N/A       94%         3
 Anguish                  Hex/Necr       1%         N/A       100%        4


Dungeon Overview and Level Annotations

Branches:
Dungeon (3/15)

Altars:


Innate Abilities, Weirdness & Mutations

You have very sharp teeth.
Your uncanny sense of smell can sniff out nearby items.
Your experience applies equally to all skills.
You expend magic power (3 MP) to strengthen your wands.
You passively dampen the noise of your surroundings.


Message History

f - a ring of willpower
Found a short sword.
Found a stone staircase leading up.
n - 3 scrolls of fog No target in view!
Found a robe.
Found an escape hatch in the ceiling.
r - a fizzy coppery potion Key pressed, stopping explore.
No target in view!
You see here a +0 dagger of venom.
Key pressed, stopping explore.
Found a stone staircase leading up and a stone staircase leading down.
t - a brown potion
There is a stone staircase leading down here.
There is a stone staircase leading down here.
Key pressed, stopping explore.
A - a potion of curing Key pressed, stopping explore.
Key pressed, stopping explore.
Key pressed, stopping explore.
Key pressed, stopping explore.
An ogre comes into view. It is wielding a +0 giant club.
The ogre shouts!
An ogre is nearby!
An ogre is nearby!
You hit the ogre.
The ogre is moderately wounded.
The ogre hits you with a +0 giant club!!
You are too injured to fight recklessly!
You are too injured to fight recklessly!
You feel yourself speed up.
You feel better. The ogre hits you with a +0 giant club!
You barely miss the ogre.
The ogre is lightly wounded.
You hit the ogre.
The ogre is moderately wounded.
The ogre hits you with a +0 giant club!!
Ouch! That really hurt!
You die...

##.####
#.....##.##..####........
......#
#........##..............
##.##.#
#.....######.####........
##.##.# #.....######.#
####.#... #####.#
#.....##.....# #.#.[. #.#
########.##### #.#... #.#
#.# #.#... ### #.#
###.#... #@# #.......
#.....O.# #.###.#.
#.####### ## #....###
##.####.#...#.
##..<..........
.....##.##....
#.#.##....... #
#......##.#.# #.
###.##.##.#.#


You could see an ogre.

Vanquished Creatures
  A phantom (D:2)
  3 adders
  A worm (D:2)
  3 dart slugs
  5 orcs (D:3)
  4 ball pythons
  3 bats
  4 endoplasms
  2 giant cockroaches (D:1)
  6 goblins
  6 hobgoblins
  3 jackals (D:3)
  3 kobolds
  A quokka (D:1)
  2 rats
47 creatures vanquished.

Vanquished Creatures (others)
  6 plants
6 creatures vanquished.

Grand Total: 53 creatures vanquished

Notes
Turn   | Place    | Note
-------+----------+-------------------------------------------
     0 | D:1      | retardedninja the Gnoll Fighter began the quest for the
                  | Orb.
     0 | D:1      | Reached XP level 1. HP: 23/23 MP: 1/1
   119 | D:1      | Reached XP level 2. HP: 20/29 MP: 2/2
   467 | D:1      | Noticed a great orb of eyes
   471 | D:1      | Found a faded altar of an unknown god.
   473 | D:1      | Noticed an eye of devastation
   473 | D:1      | Noticed a golden eye
   473 | D:1      | Noticed a golden eye
  1044 | D:2      | Reached XP level 3. HP: 30/35 MP: 3/3
  1124 | D:2      | Upgraded the game from 0.30-a0-859-gf88a04b62d to
                  | 0.30-a0-860-g512cf1e979
  1146 | D:2      | Reached skill level 1 in Invocations
  1185 | D:2      | Reached skill level 1 in Short Blades
  1185 | D:2      | Reached skill level 1 in Long Blades
  1185 | D:2      | Reached skill level 1 in Axes
  1185 | D:2      | Reached skill level 1 in Polearms
  1185 | D:2      | Reached skill level 1 in Staves
  1185 | D:2      | Reached skill level 1 in Ranged Weapons
  1185 | D:2      | Reached skill level 1 in Throwing
  1185 | D:2      | Reached skill level 1 in Dodging
  1185 | D:2      | Reached skill level 1 in Stealth
  1185 | D:2      | Reached skill level 1 in Unarmed Combat
  1185 | D:2      | Reached skill level 1 in Spellcasting
  1185 | D:2      | Reached skill level 1 in Evocations
  1616 | D:2      | Reached XP level 4. HP: 35/41 MP: 5/5
  1640 | D:2      | Identified the +2 robe of Polytheism {rC+ rCorr Dex-3 SInv}
  1700 | D:2      | Noticed a phantom
  1708 | D:2      | Killed a phantom
  1709 | D:2      | Reached skill level 1 in Conjurations
  1709 | D:2      | Reached skill level 1 in Hexes
  1709 | D:2      | Reached skill level 1 in Summonings
  1709 | D:2      | Reached skill level 1 in Necromancy
  1709 | D:2      | Reached skill level 1 in Translocations
  1709 | D:2      | Reached skill level 1 in Transmutations
  1709 | D:2      | Reached skill level 1 in Fire Magic
  1709 | D:2      | Reached skill level 1 in Ice Magic
  1709 | D:2      | Reached skill level 1 in Air Magic
  1709 | D:2      | Reached skill level 1 in Earth Magic
  1709 | D:2      | Reached skill level 1 in Poison Magic
  1709 | D:2      | Reached XP level 5. HP: 41/47 MP: 5/7
  2210 | D:3      | Gained mutation: You expend magic power (3 MP) to
                  | strengthen your wands. [potion of mutation]
  2210 | D:3      | Gained mutation: You passively dampen the noise of your
                  | surroundings. [potion of mutation]
  2658 | D:3      | Noticed an ogre
  2663 | D:3      | Slain by an ogre

Illustrated notes

Levels and vault maps discovered:
D:1:      dpeg_arrival_tiny_d, layout_loops_ring,
          hellmonk_ecumenical_altar_watching_god, roderic_serpentine_path
D:2:      layout_basic, serial_bayou_ford_a
D:3:      layout_loops_cross, mainiacjoe_overflow_cross_hatched, fedhas_altar_4,
          nicolae_wu_jian_immortal_techniques, chequers_avenue,
          serial_bayou_lagoon_b, uniq_sigmund

Skill      XL: |  1  2  3  4 |
---------------+-------------+-----
Invocations    | 1 |  1.8
Short Blades   | 1 |  1.6
Long Blades    | 1 |  1.6
Axes           | 1 |  1.6
Polearms       | 1 |  1.6
Staves         | 1 |  1.6
Ranged Weapons | 1 |  1.6
Throwing       | 1 |  1.6
Dodging        | 1 |  1.6
Stealth        | 1 |  1.6
Unarmed Combat | 1 |  1.6
Spellcasting   | 1 |  1.6
Evocations     | 1 |  1.6
Conjurations   | 1 |  1.2
Hexes          | 1 |  1.2
Summonings     | 1 |  1.2
Necromancy     | 1 |  1.2
Translocations | 1 |  1.2
Transmutations | 1 |  1.2
Fire Magic     | 1 |  1.2
Ice Magic      | 1 |  1.2
Air Magic      | 1 |  1.2
Earth Magic    | 1 |  1.2
Poison Magic   | 1 |  1.2
Fighting       | |  6.7
Maces & Flails | |  4.8
Armour         | |  6.7
Shields        | |  6.7

Action                     |  1- 3 |  4- 6 || total
---------------------------+-------+-------++-------
  Melee: Flail             |    78 |    58 ||   136
         Bite              |     5 |     2 ||     7
  Throw: Throwing net      |       |     1 ||     1
    Use: Potion            |       |     7 ||     7
         Scroll            |       |     5 ||     5
 Armour: Scale mail        |    36 |    28 ||    64
  Dodge: Dodged            |    37 |    22 ||    59
  Block: Buckler           |    20 |    20 ||    40

Table legend: (Time is in decaauts)
 A = Elapsed time spent in this place.
 B = Non-inter-level travel time spent in this place.
 C = Inter-level travel time spent in this place.
 D = Time resting spent in this place.
 E = Time spent auto-exploring this place.
 F = Levels seen in this place.
 G = Mean time per level.
                   A        B        C        D        E       F      G
               +--------+--------+--------+--------+--------+-----+--------+
         Total |   2689 |   2608 |     81 |    301 |   1950 |   3 |  896.3 |
       Dungeon |   2689 |   2608 |     81 |    301 |   1950 |   3 |  896.3 |
               +--------+--------+--------+--------+--------+-----+--------+

Top non-repeatable levels by time:
     D:2: 1165 daAuts
     D:1: 1038 daAuts
     D:3: 486 daAuts
